 Dungeon Crawl Stone Soup version 0.16-a0-3061-g1c4ddba (webtiles) character file.

6922 PolkaDot the Slicer (level 10, -3/80 HPs)
             Began as a Vampire Berserker on Dec 10, 2014.
             Was an Elder of Trog.
             Killed from afar by an ice statue (16 damage)
             ... with a shard of ice
             ... on level 1 of the Lair of Beasts.
             The game lasted 00:50:53 (9797 turns).

PolkaDot the Slicer (Vampire Berserker)             Turns: 9797, Time: 00:50:53

Health: -3/80      AC: 11    Str: 16    XL:     10   Next: 80%
Magic:  10/10      EV: 11    Int:  9    God:    Trog [****..]
Gold:   453        SH:  0    Dex: 18    Spells: 0 memorised, 9 levels left

rFire  + . .     SeeInvis +     v - +0 rapier
rCold  . . .     Clarity  .     x - +2 scale mail {rF+}
rNeg   + . .     SustAb   .     (no shield)
rPois  .         Gourm    .     (no helmet)
rElec  .         Spirit   .     j - +0 cloak
rCorr  .         Warding  .     (no gloves)
rMut   +         Stasis   .     (no boots)
MR     +....                    o - amulet of resist mutation
Stlth  ..........               i - +2 ring of dexterity
                                C - ring of positive energy

@: flying, regenerating quickly, somewhat resistant to hostile enchantments,
extremely unstealthy
A: bottle blood, fangs 3, see invisible, unbreathing
a: Burn Spellbooks, Berserk, Trog's Hand, Brothers in Arms, Renounce Religion


You were on level 1 of the Lair of Beasts.
You worshipped Trog.
Trog was greatly pleased with you.
You were full.

You visited 2 branches of the dungeon, and saw 10 of its levels.
You also visited: Sewer.

You collected 453 gold pieces.

Inventory:

Hand weapons
 v - a +0 rapier (weapon)
Armour
 j - a +0 cloak (worn)
 x - a +2 scale mail of fire resistance (worn)
Jewellery
 i - a +2 ring of dexterity (right hand)
 o - an amulet of resist mutation (around neck)
 C - a ring of positive energy (left hand)
Magical devices
 u - a wand of fire (0)
 w - a wand of cold (3)
 y - a wand of teleportation (5)
 z - a wand of confusion (41)
 D - a wand of fire (0)
 I - a wand of heal wounds (0)
Scrolls
 c - a scroll of enchant weapon
 d - a scroll of immolation
 e - 2 scrolls of noise {unknown}
 f - 2 scrolls of fog
 g - 2 scrolls of remove curse
 h - a scroll of magic mapping {unknown}
 k - 4 scrolls of teleportation
 l - a scroll of amnesia
 m - 3 scrolls of fear
 n - a scroll of blinking {unknown}
 p - a scroll of enchant armour
 s - a scroll of vulnerability {unknown}
 B - 2 scrolls of recharging {unknown}
Potions
 a - a potion of resistance
 b - a potion of brilliance
 q - 5 potions of curing
 r - a potion of cancellation {unknown}
 t - 2 potions of flight
 G - a potion of cure mutation {!q}


   Skills:
 - Level 8.0 Fighting
 - Level 10.9 Short Blades
 * Level 9.2 Armour
 + Level 2.9 Dodging
 + Level 0.0 Evocations


You had 9 spell levels left.
You didn't know any spells.

Dungeon Overview and Level Annotations

Branches:
Dungeon (9/15)             Temple (0/1) D:6            Lair (1/8) D:8
    Orc: D:9-12

Altars:
Cheibriados
Dithmenos
Elyvilon
Okawaru
Sif Muna
Trog
Yredelemnul
Zin
The Shining One

Shops:
D:2 *   D:6 }

Annotations:
Lair:1 exclusion: ice statue


Innate Abilities, Weirdness & Mutations

Your natural rate of healing is unusually fast.
You can bottle blood from corpses.
You have razor-sharp teeth.
You have supernaturally acute eyesight.
You can survive without breathing.


Message History

Okay, then.
Unknown command.
Really fly into a travel-excluded area?
The ice beast hits you but does no damage.
The ice statue throws cold at you. The bolt of cold misses you.
You are engulfed in freezing vapours.
* * * LOW HITPOINT WARNING * * *
The ice statue throws cold at you. The freezing blast engulfs you!
* * * LOW HITPOINT WARNING * * *
The ice beast hits you.
* * * LOW HITPOINT WARNING * * *
The ice beast freezes you.
* * * LOW HITPOINT WARNING * * *
You are engulfed in freezing vapours.
* * * LOW HITPOINT WARNING * * *
The ice statue throws ice at you. The shard of ice hits you!
You die...

....................#
.≈..................#
≈####################
## # ###### ##
##≈)}=# ≈### ##≈≈|::#
≈≈≈## #§§§≈..#
≈≈≈≈#### ##≈§@§.#
#≈≈≈≈≈≈## ###≈Y§§8##
##≈≈≈≈≈≈###≈≈≈≈§###
###≈≈≈≈≈≈≈≈≈≈≈##
###≈≈≈≈≈≈≈###
###≈≈≈### #####


You could see an ice statue and an ice beast.

Vanquished Creatures
  The ghost of bronies4ever the Basher, a powerful GrFi of Okawaru (Lair:1)
  4 blink frogs
  5 yaks (Lair:1)
  3 hippogriffs
  Edmund (D:8)
  6 wolves (Lair:1)
  3 water moccasins (Lair:1)
  A porcupine (Lair:1)
  An ice beast (D:6)
  An orc warrior (D:7)
  A sky beast (D:6)
  3 eyes of draining (D:5)
  2 phantoms (D:6)
  A necrophage (D:8)
  2 centaurs
  3 ogres
  2 crocodiles (Lair:1)
  3 big kobolds (Sewer)
  A giant frog (D:7)
  6 killer bees (D:8)
  An electric eel (Lair:1)
  A goliath beetle (D:7)
  A giant frog skeleton (D:5)
  5 hounds
  2 crimson imps
  A gnoll shaman (D:5)
  4 orc priests
  An iguana (D:8)
  5 orc wizards
  6 worker ants
  2 killer bee zombies (D:8)
  12 sheep
  A hound skeleton (D:7)
  A worker ant zombie (D:5)
  16 river rats
  14 adders
  5 gnolls (D:5)
  2 shadow imps
  2 worms (D:4)
  6 giant geckos
  An ooze (Sewer)
  21 orcs
  4 ball pythons
  4 giant cockroaches
  13 goblins
  15 hobgoblins
  2 jackals (D:4)
  7 quokkas
  7 bats
  5 giant newts
  A jackal skeleton (D:5)
  A jackal zombie (D:8)
  23 kobolds
  An orc skeleton (D:8)
  2 quokka skeletons
  20 rats
  A spectral orc (D:3)
  3 fungi (D:8)
269 creatures vanquished.

Vanquished Creatures (others)
  A black bear (D:8)
  3 fungi (D:8)
4 creatures vanquished.

Grand Total: 273 creatures vanquished

Notes
Turn   | Place    | Note
--------------------------------------------------------------
     0 | D:1      | PolkaDot, the Vampire Berserker, began the quest for the Orb.
     0 | D:1      | Reached XP level 1. HP: 17/17 MP: 1/1
   397 | D:1      | Reached XP level 2. HP: 10/23 MP: 2/2
   625 | D:2      | Found Zin's Purification Station.
   629 | D:2      | Found a glowing silver altar of Zin.
   705 | D:2      | Reached skill level 4 in Short Blades
   799 | D:2      | Found a white marble altar of Elyvilon.
   986 | D:2      | Reached XP level 3. HP: 29/29 MP: 3/3
  1379 | D:3      | Acquired Trog's second power
  1724 | D:3      | Found a basalt altar of Yredelemnul.
  1815 | D:3      | Reached XP level 4. HP: 32/35 MP: 4/4
  1843 | D:3      | Found a glowing drain.
  1864 | Sewer    | Entered a sewer
  1906 | Sewer    | Noticed a big kobold
  1914 | Sewer    | Killed a big kobold
  1914 | Sewer    | Reached skill level 5 in Short Blades
  1914 | Sewer    | Reached XP level 5. HP: 41/41 MP: 5/5
  2033 | Sewer    | Noticed a big kobold
  2046 | Sewer    | Killed a big kobold
  2111 | Sewer    | Noticed a big kobold
  2137 | Sewer    | Killed a big kobold
  2137 | Sewer    | Reached skill level 6 in Short Blades
  2137 | Sewer    | Reached XP level 6. HP: 6/48 MP: 6/6
  2484 | D:3      | Found a deep blue altar of Sif Muna.
  3017 | D:4      | Found a shadowy altar of Dithmenos.
  3317 | D:4      | Reached XP level 7. HP: 54/54 MP: 7/7
  3403 | D:4      | Found an iron altar of Okawaru.
  3787 | D:5      | Entered Level 5 of the Dungeon
  3914 | D:5      | Reached skill level 7 in Short Blades
  4181 | D:5      | Found a bloodstained altar of Trog.
  4493 | D:6      | Reached XP level 8. HP: 31/61 MP: 8/8
  4638 | D:6      | Found a staircase to the Ecumenical Temple.
  4742 | D:6      | Acquired Trog's third power
  4799 | D:6      | Reached skill level 5 in Fighting
  4814 | D:6      | Reached skill level 8 in Short Blades
  5105 | D:6      | Found Skempusa's Gadget Shoppe.
  5420 | D:6      | Reached skill level 5 in Armour
  5701 | D:7      | Found a snail-covered altar of Cheibriados.
  6363 | D:7      | Reached XP level 9. HP: 64/69 MP: 9/9
  6632 | D:8      | Reached skill level 9 in Short Blades
  6798 | D:8      | Found a staircase to the Lair.
  6875 | D:8      | Noticed Edmund
  6907 | D:8      | Killed Edmund
  7095 | D:8      | Found a glowing golden altar of the Shining One.
  7480 | Lair:1   | Entered Level 1 of the Lair of Beasts
  7663 | Lair:1   | Reached skill level 10 in Short Blades
  7727 | Lair:1   | Reached XP level 10. HP: 40/79 MP: 10/10
  9134 | Lair:1   | Noticed bronies4ever's ghost (powerful GrFi)
  9151 | Lair:1   | Killed bronies4ever's ghost
  9782 | Lair:1   | Noticed an ice statue
  9797 | Lair:1   | Killed from afar by an ice statue

Action                   |  1- 3 |  4- 6 |  7- 9 | 10-12 || total
-------------------------+-------+-------+-------+-------++-------
Melee: Short sword       |   119 |   136 |       |       ||   255
       Rapier            |       |   120 |   790 |   334 ||  1244
Throw: Throwing net      |       |       |     1 |       ||     1
Invok: Berserk           |     3 |     4 |     4 |     3 ||    14
       Trog's Hand       |       |     3 |    14 |     4 ||    21
       Brothers in Arms  |       |       |     1 |     1 ||     2
Evoke: Wand              |       |       |     3 |     6 ||     9
  Use: Potion            |     1 |     2 |    14 |     5 ||    22
       Scroll            |     3 |     2 |    13 |       ||    18
 Stab: Sleeping          |       |     1 |       |       ||     1
  Eat: Corpse            |    16 |    13 |    25 |     5 ||    59
